 Dungeon Crawl Stone Soup version 0.17-a0-1976-g482a304 (webtiles) character file.

4740 Tush the Covert (level 10, 0/60 HPs)
             Began as a Halfling Assassin on Oct 5, 2015.
             Was a Priest of Okawaru.
             Slain by an unseen horror (9 damage)
             ... on level 9 of the Dungeon.
             The game lasted 01:05:21 (7984 turns).

Tush the Covert (Halfling Assassin)                 Turns: 7984, Time: 01:05:21

Health: 0/60       AC:  6    Str: 11    XL:     10   Next: 74%
Magic:  13/13      EV: 29    Int: 15    God:    Okawaru [***...]
Gold:   265        SH:  9    Dex: 20    Spells: 1 memorised, 8 levels left

rFire  + + .     SeeInvis .     b - +0 blowgun
rCold  . . .     Clarity  .     F - +2 robe {rF+}
rNeg   . . .     SustAt   .     S - +0 buckler
rPois  .         Gourm    .     (no helmet)
rElec  .         Spirit   .     d - +0 cloak
rCorr  .         Warding  .     (no gloves)
rMut   .         Stasis   .     k - +0 pair of boots
MR     .....                    (no amulet)
Stlth  +++++++...               I - ring of protection from fire
                                J - +3 ring of evasion

@: brilliant, heroism, not resistant to hostile enchantments, extremely stealthy
A: mutation resistance 1
a: Heroism, Renounce Religion


You were on level 9 of the Dungeon.
You worshipped Okawaru.
Okawaru was most pleased with you.
You were hungry.

You visited 2 branches of the dungeon, and saw 10 of its levels.

You collected 265 gold pieces.

Inventory:

Hand Weapons
 a - a +2 dagger
 b - a +0 blowgun (weapon)
 c - a +1 dagger of flaming
 f - a +0 dagger of venom
 p - a +2 dagger
 w - a +0 hunting sling
 V - a +0 rapier
Missiles
 j - 129 stones
 n - 108 arrows
 o - 27 sling bullets
 t - 15 arrows of frost
 z - 5 tomahawks
 A - 2 needles of slowing (quivered)
 R - 6 needles of paralysis
Armour
 d - a +0 cloak (worn)
 k - a +0 pair of boots (worn)
 y - a +0 leather armour of positive energy
 D - a +0 shield
 F - a +2 robe of fire resistance (worn)
 N - a +0 robe of magic resistance
 S - a +0 buckler (worn)
Magical Staves
 G - an uncursed staff of death
Jewellery
 I - a ring of protection from fire (right hand)
 J - a +3 ring of evasion (left hand)
Wands
 x - a wand of confusion (12)
Scrolls
 h - 5 scrolls of identify
 i - 3 scrolls of magic mapping
 l - a scroll of teleportation
 q - a scroll of random uselessness {unknown}
 s - a scroll of fog {unknown}
 v - 2 scrolls of blinking {unknown}
 B - 2 scrolls of remove curse
 C - 2 scrolls of enchant armour {unknown}
 E - 3 scrolls of amnesia
 H - a scroll of immolation {unknown}
 M - a scroll of summoning {unknown}
Potions
 u - a potion of curing
Books
 T - a book of Frost

   Spells                             Type                      Level
   a - Freeze                         Ice                          1
   b - Throw Frost                    Conjuration/Ice              2
   c - Ozocubu's Armour               Charms/Ice                   3
   d - Throw Icicle                   Conjuration/Ice              4
   e - Summon Ice Beast               Ice/Summoning                4
   f - Condensation Shield            Ice                          4
Comestibles
 g - 5 bread rations
 m - 6 meat rations
 U - 19 fruits


   Skills:
 - Level 2.0(7.0) Fighting
 * Level 9.9(14.9) Short Blades
 - Level 5.0(10.0) Throwing
 + Level 7.1(12.1) Dodging
 - Level 10.0(15.0) Stealth
 + Level 6.3(11.3) Shields
 + Level 1.8 Ice Magic
 - Level 5.0 Invocations


You had 8 spell levels left.
You knew the following spells:

 Your Spells              Type           Power        Failure   Level  Hunger
a - Freeze                Ice            ##..         1%          1    ##.....


Dungeon Overview and Level Annotations

Branches:
Dungeon (9/15)             Temple (1/1) D:4
   Lair: D:8-11         Orc: D:9-12

Altars:
Ashenzari
Cheibriados
Dithmenos
Elyvilon
Fedhas
Gozag
Kikubaaqudgha
Makhleb
Nemelex Xobeh
Okawaru
Qazlal
Ru
Sif Muna
Trog
Vehumet
Xom
Yredelemnul
Zin
The Shining One
Lugonu

Annotations:
D:2 exclusion: downstairs
D:8 exclusion: downstairs
D:9 Grum; krfreak's ghost, novice HaAs


Innate Abilities, Weirdness & Mutations

You are small and have problems with some larger weapons.
You are somewhat resistant to further mutation.


Message History

Press: ? - help, Shift-Dir - straight line You shoot a needle of slowing.
Firing (i - inventory. (,) - cycle):
A - 4 needles of slowing (quivered)
Press: ? - help, Shift-Dir - straight line, f - Grum
Aim: Grum, wielding a spear and wearing an animal skin (moderately wounded, slow, poisoned)
You shoot a needle of slowing. The needle of slowing hits Grum.
Grum seems to slow down.
Grum is moderately wounded.
Something barely misses you. Something completely misses you. x2
Firing (i - inventory. (,) - cycle):
A - 3 needles of slowing (quivered)
Press: ? - help, Shift-Dir - straight line, p - Grum You shoot a needle of slowing.
You block its attack. Something hits you.
* * * LOW HITPOINT WARNING * * *
Drink which item? (? for menu, Esc to quit)
It was a potion of brilliance.
You feel clever all of a sudden. Something hits you!
You die...

#..................)......
#.........................
#...................))....
#.#################).#####
#.# #..# #.# #..# #.# #..#
#.#################..#####
#.(..Og..@..(.((.>........
#.#################.......
#.# #..##### #.# #..# #O#
#..# #†####### #..#
#(....... ..S. #..######
##.. #..#


You could see Grum and an ogre.

Vanquished Creatures
  Erolcha (D:8)
  Pikel (D:4)
  A wyvern (D:8)
  A hungry ghost (D:7)
  The ghost of twist the Ducker, an amateur MfAr (D:3)
  2 wolves (D:9)
  Edmund (D:4)
  Duvessa (D:4)
  2 sky beasts
  2 orc warriors (D:6)
  2 phantoms
  2 black bears
  3 ogres
  2 ice beasts
  A necrophage (D:6)
  A giant frog (D:8)
  Dowan (D:4)
  A scorpion (D:7)
  3 wights (D:6)
  A giant frog zombie (D:6)
  6 crimson imps
  A jelly (D:7)
  A centaur zombie (D:6)
  4 orc priests
  2 hounds
  9 orc wizards
  Natasha (thrice) (D:2)
  4 worker ants
  A hound zombie (D:5)
  A worker ant zombie (D:8)
  4 gnolls (D:2)
  10 adders
  2 shadow imps
  3 oozes (D:3)
  3 adder skeletons
  A worm (D:2)
  24 orcs
  4 giant cockroaches
  7 goblins
  9 hobgoblins
  19 jackals
  8 kobolds
  7 quokkas
  2 ball pythons
  13 bats
  5 giant geckos
  A giant gecko skeleton (D:8)
  A giant gecko zombie (D:6)
  3 giant newts
  2 quokka zombies
  9 rats
199 creatures vanquished.

Vanquished Creatures (others)
  An orc (D:4)
1 creature vanquished.

Grand Total: 200 creatures vanquished

Notes
Turn   | Place    | Note
--------------------------------------------------------------
     0 | D:1      | Tush the Halfling Assassin began the quest for the Orb.
     0 | D:1      | Reached XP level 1. HP: 14/14 MP: 1/1
   380 | D:1      | Reached XP level 2. HP: 19/19 MP: 2/2
   666 | D:1      | Reached XP level 3. HP: 18/24 MP: 3/3
   745 | D:1      | Found a shattered altar of Ashenzari.
   803 | D:1      | Reached skill level 5 in Stealth
  1245 | D:2      | Reached XP level 4. HP: 22/29 MP: 4/4
  1424 | D:2      | Noticed Natasha
  1433 | D:2      | Killed Natasha
  1433 | D:2      | Reached XP level 5. HP: 32/34 MP: 5/5
  1517 | D:2      | Reached skill level 6 in Stealth
  1619 | D:2      | Found an opulent altar of Gozag.
  1621 | D:2      | Noticed Natasha
  1632 | D:2      | Killed Natasha
  1709 | D:2      | Noticed Natasha
  1722 | D:2      | Killed Natasha
  1861 | D:3      | Noticed twist's ghost (amateur MfAr)
  2399 | D:3      | Reached XP level 6. HP: 17/39 MP: 6/6
  2707 | D:3      | Found a shadowy altar of Dithmenos.
  2920 | D:4      | Noticed Dowan
  2924 | D:4      | Noticed Duvessa
  2945 | D:3      | Killed twist's ghost
  2945 | D:3      | Reached skill level 7 in Stealth
  2956 | D:4      | Killed Duvessa
  2956 | D:4      | Reached XP level 7. HP: 28/45 MP: 7/7
  2963 | D:4      | Killed Dowan
  3116 | D:4      | Noticed a slave
  3116 | D:4      | Noticed a slave
  3203 | D:4      | Found a staircase to the Ecumenical Temple.
  3211 | D:4      | Noticed Edmund
  3215 | Temple   | Entered the Ecumenical Temple
  3246 | Temple   | Became a worshipper of Warmaster Okawaru
  3354 | D:4      | Noticed a slave
  3356 | D:4      | Noticed Pikel
  3356 | D:4      | Noticed a slave
  3377 | D:4      | Killed Pikel
  3377 | D:4      | Acquired Okawaru's first power
  3377 | D:4      | Reached skill level 9 in Stealth
  3377 | D:4      | Reached XP level 8. HP: 43/50 MP: 8/8
  3635 | D:4      | Killed Edmund
  3762 | D:5      | Entered Level 5 of the Dungeon
  3764 | D:5      | Found a stormy altar of Qazlal.
  3855 | D:5      | Reached skill level 10 in Stealth
  3864 | D:5      | Found a stormy altar of Qazlal.
  3914 | D:5      | Found a glowing golden altar of the Shining One.
  4000 | D:5      | Reached skill level 1 in Invocations
  4117 | D:5      | Reached XP level 9. HP: 44/54 MP: 9/9
  4230 | D:5      | Reached skill level 5 in Dodging
  4310 | D:5      | Found an opulent altar of Gozag.
  4433 | D:5      | Found a burning altar of Makhleb.
  4434 | D:5      | Found a radiant altar of Vehumet.
  4803 | D:6      | Reached skill level 1 in Shields
  5198 | D:6      | Reached skill level 5 in Throwing
  5979 | D:6      | Reached skill level 5 in Invocations
  6129 | D:7      | Found a shimmering altar of Xom.
  6156 | D:7      | Reached XP level 10. HP: 60/60 MP: 11/13
  6241 | D:7      | Found a white marble altar of Elyvilon.
  6435 | D:7      | Reached skill level 5 in Shields
  6837 | D:8      | Found a glowing silver altar of Zin.
  6840 | D:8      | Noticed an angel
  6850 | D:8      | Noticed Erolcha
  6869 | D:8      | Found a basalt altar of Yredelemnul.
  6887 | D:8      | Found a shimmering altar of Xom.
  6899 | D:8      | Killed Erolcha
  6899 | D:8      | Received a gift from Okawaru
  6906 | D:8      | Learned a level 1 spell: Freeze
  7616 | D:8      | Reached skill level 1 in Ice Magic
  7652 | D:8      | Found a blossoming altar of Fedhas.
  7819 | D:9      | Noticed krfreak's ghost (novice HaAs)
  7941 | D:9      | Noticed Grum
  7984 | D:9      | Slain by an unseen horror

Vault maps used:
D:1:      lemuel_arrival_cross, st_stairs_9, nicolae_ashenzari_panopticon
D:2:      wad_river_or_something, lemuel_doored_altar, uniq_natasha
D:3:      nicolae_dithmenos_through_a_glass_darkly, first_bread, st_stairs_7
D:4:      minmay_temple_entry_mist, uniq_pikel, uniq_edmund, uniq_duvessa
D:5:      nicolae_tso_swordbearing_angel, nicolae_overflow_hidden_temple,
          basic_altar, nicolae_qazlal_general_emergency
D:6:      serial_bayou_pond_b
D:7:      nicolae_overflow_crystal_walls, basic_altar
D:8:      grunt_temple_overflow_order_and_chaos_1, yredelemnul_altar_generic,
          hangedman_tree_tricks, uniq_erolcha
D:9:      dpeg_oklobed_lair, uniq_grum
Temple:   corrupted_temple

Action                   |  1- 3 |  4- 6 |  7- 9 | 10-12 || total
-------------------------+-------+-------+-------+-------++-------
Melee: Dagger            |    80 |   165 |   547 |   175 ||   967
       Long sword        |       |       |    10 |    19 ||    29
       Staff             |       |       |    10 |       ||    10
       Rapier            |       |       |       |    55 ||    55
 Fire: Blowgun           |    10 |    32 |    15 |    10 ||    67
       Hunting sling     |       |    12 |    49 |       ||    61
Invok: Heroism           |       |       |     6 |     6 ||    12
Evoke: Wand              |       |       |       |     2 ||     2
  Use: Scroll            |       |     2 |     5 |     2 ||     9
       Potion            |       |     1 |     5 |     2 ||     8
 Stab: Sleeping          |    11 |    13 |    18 |    14 ||    56
       Distracted        |       |     2 |     1 |       ||     3
       Confused          |       |       |       |     1 ||     1
  Eat: Chunk             |     1 |     5 |     9 |     6 ||    21
       Beef jerky        |       |       |     1 |     1 ||     2
       Pizza             |       |       |     1 |       ||     1
